 Dungeon Crawl Stone Soup version 0.25.0-65-g31bcc41 (webtiles) character file.

3507 Dorkslayer the Fighter (level 10, -1/67 HPs)
             Began as a Gargoyle Fighter on Nov 5, 2020.
             Was a Believer of the Shining One.
             Slain by a frost giant
             ... wielding a +1 battleaxe of freezing
              (25 damage)
             ... on level 1 of the Dungeon.
             The game lasted 00:06:42 (1271 turns).

Dorkslayer the Fighter (Gargoyle Fighter)           Turns: 1271, Time: 00:06:43

Health: -1/67      AC: 17    Str: 23    XL:     10   Next: 7%
Magic:  10/10      EV:  7    Int:  9    God:    the Shining One [**....]
Gold:   264        SH: 17    Dex:  9    Spells: 9/9 levels left

rFire    . . .     SeeInvis .   a - +1 long sword
rCold    . . .     Gourm    .   c - +0 shield
rNeg     + + .     Faith    .   q - +0 chain mail
rPois    ∞         Spirit   .   (no helmet)
rElec    +         Reflect  .   (no cloak)
rCorr    .         Harm     .   (no gloves)
MR       .....                  (no boots)
Stlth    ..........             b - amulet of the acrobat
HPRegen  0.21/turn              (no ring)
MPRegen  0.12/turn              (no ring)

@: divine shield, glowing
A: negative energy resistance 1, electricity resistance, unbreathing,
petrification resistance, rot immunity, AC +7
a: Divine Shield, Renounce Religion


You were on level 1 of the Dungeon.
You worshipped the Shining One.
The Shining One was pleased with you.
You were not hungry.

You visited 2 branches of the dungeon, and saw 3 of its levels.

You collected 264 gold pieces.

Inventory:

Hand Weapons
 a - a +1 long sword (weapon)
Missiles
 p - 6 tomahawks (quivered)
Armour
 c - a +0 shield (worn)
 q - a +0 chain mail (worn)
Jewellery
 b - an amulet of the acrobat (around neck)
Scrolls
 d - 3 scrolls of identify
 e - 5 scrolls of remove curse {unknown}
 h - a scroll of enchant weapon
 i - a scroll of fog {unknown}
 j - a scroll of teleportation {unknown}
 l - a scroll of fear {unknown}
 m - a scroll of blinking {unknown}
 r - a scroll of noise {unknown}
 s - a scroll of magic mapping {unknown}
Potions
 k - a potion of curing
 n - a potion of mutation {unknown}
 o - a potion of heal wounds {unknown}
Comestibles
 f - 6 rations
 g - 8 chunks of flesh


   Skills:
 * Level 9.7 Fighting
 + Level 6.5 Long Blades
 + Level 1.0 Throwing
 + Level 6.8 Armour
 + Level 1.3 Dodging
 + Level 0.2 Stealth
 + Level 8.0 Shields


You had 9 spell levels left.
You didn't know any spells.
Your spell library was empty.

Dungeon Overview and Level Annotations

Branches:
Dungeon (2/3)              Temple (1/1) D:1
  Swamp: D:2-3       Shoals: D:2-3        Snake: D:2-3       Spider: D:2-3
  Slime: D:2-3          Orc: D:2         Vaults: D:2-3

Altars:
Ashenzari
Cheibriados
Elyvilon
Fedhas
Hepliaklqana
Kikubaaqudgha
Makhleb
Nemelex Xobeh
Okawaru
Qazlal
Sif Muna
Trog
Uskayaw
Wu Jian
Xom
Yredelemnul
Zin
The Shining One


Innate Abilities, Weirdness & Mutations

You are resistant to torment.
Your stone body is resilient. (AC +7)
You are immune to poison.
You resist negative energy. (rN+)
You are resistant to electric shocks. (rElec)
You can survive without breathing.
You are immune to petrification.
You are immune to rotting.


Message History

A phantom comes into view.
The komodo dragon bites you but does no damage.
There is a stone staircase leading up here.
The phantom blinks!
The komodo dragon barely misses you. You block the frost giant's attack.
You climb upwards.
There is a stone staircase leading down here.
You block the komodo dragon's attack. You block the frost giant's attack.
You hit the frost giant but do no damage.
The frost giant gestures at you while chanting.
The bolt of cold hits you!
You slash the frost giant!
The frost giant is lightly wounded.
The frost giant hits you with a +1 battleaxe of freezing!!
The frost giant freezes you.
You slash the frost giant!
The frost giant is lightly wounded.
The frost giant hits you with a +1 battleaxe of freezing!!
You die...

###.....#.#..#...# #.#
....###...####...# #.#
#.....#...#......# #.#
#.###.#.#.#.#..#####.#
....#...#.#..........#
###.#.#...)....#######
..#...###......###
#.#..+........lC.#
#....####..#.#.#@#####
#.#### #..#.#.#.....#
..#######..#.#.#.###.#
..............##.###.##
[...........###...##..#
............##.....##.#
............#.......#.#
....)..........._.)...#
..[.........#......)###


You could see a frost giant and a komodo dragon.

Vanquished Creatures
  A sky beast (D:1)
  A phantom (D:1)
  An ogre (D:1)
  2 centaurs (D:1)
  A quasit (D:1)
  A hound (D:1)
  3 orc priests (D:1)
  2 worker ants (D:1)
  Terence (D:2)
  3 adders (D:1)
  An ooze (D:1)
  An adder zombie (D:1)
  10 orcs (D:1)
  A giant cockroach (D:1)
  A fungus (D:1)
30 creatures vanquished.

Vanquished Creatures (others)
  3 toadstools (D:1)
3 creatures vanquished.

Grand Total: 33 creatures vanquished

Notes
Turn   | Place    | Note
-------+----------+-------------------------------------------
     0 | D:1      | Dorkslayer the Gargoyle Fighter began the quest for the
                  | Orb.
     0 | D:1      | Reached XP level 1. HP: 14/14 MP: 1/1
    22 | D:1      | Reached XP level 2. HP: 11/20 MP: 2/2
   159 | D:1      | Found a hide-covered altar of Uskayaw.
   165 | D:1      | Found an ornate altar of the Wu Jian Council.
   206 | D:1      | Noticed a sky beast
   217 | D:1      | Killed a sky beast
   217 | D:1      | Reached skill level 6 in Fighting
   217 | D:1      | Reached skill level 5 in Armour
   217 | D:1      | Reached XP level 3. HP: 16/27 MP: 3/3
   217 | D:1      | Reached XP level 4. HP: 19/32 MP: 4/4
   217 | D:1      | Reached XP level 5. HP: 21/36 MP: 5/5
   217 | D:1      | Reached XP level 6. HP: 24/41 MP: 6/6
   217 | D:1      | Reached XP level 7. HP: 27/46 MP: 7/7
   232 | D:1      | Reached skill level 7 in Fighting
   232 | D:1      | Reached skill level 5 in Shields
   232 | D:1      | Reached XP level 8. HP: 25/53 MP: 8/8
   275 | D:1      | Found a staircase to the Ecumenical Temple.
   285 | Temple   | Entered the Ecumenical Temple
   330 | Temple   | Became a worshipper of the Shining One
   484 | D:1      | Found a shadowy altar of Dithmenos.
   486 | D:1      | Found a sacrificial altar of Ru.
   486 | D:1      | Found a white marble altar of Elyvilon.
   501 | D:1      | Found a hazy altar of Hepliaklqana.
   501 | D:1      | Found a stormy altar of Qazlal.
   501 | D:1      | Found a shimmering altar of Xom.
   524 | D:1      | Reached * piety under the Shining One
   524 | D:1      | Reached skill level 8 in Fighting
   558 | D:1      | Reached XP level 9. HP: 59/60 MP: 9/9
   797 | D:1      | Reached ** piety under the Shining One
   803 | D:1      | Reached skill level 1 in Dodging
   955 | D:1      | Found a snail-covered altar of Cheibriados.
   962 | D:1      | Reached skill level 9 in Fighting
   962 | D:1      | Reached skill level 5 in Long Blades
   963 | D:1      | Found a hazy altar of Hepliaklqana.
   972 | D:1      | Found a basalt altar of Yredelemnul.
  1016 | D:1      | Found an iron altar of Okawaru.
  1018 | D:1      | Found a burning altar of Makhleb.
  1020 | D:1      | Found a deep blue altar of Sif Muna.
  1020 | D:1      | Found a shattered altar of Ashenzari.
  1021 | D:1      | Found an ancient bone altar of Kikubaaqudgha.
  1156 | D:1      | Found a glowing silver altar of Zin.
  1169 | D:1      | Reached skill level 1 in Throwing
  1169 | D:1      | Reached XP level 10. HP: 66/66 MP: 10/10
  1211 | D:1      | Found a bloodstained altar of Trog.
  1241 | D:2      | Noticed Terence
  1243 | D:2      | Noticed a frost giant
  1246 | D:2      | Killed Terence
  1271 | D:1      | Slain by a frost giant

Skill      XL: |  1  2  3  4  5  6  7  8  9 10 |
---------------+-------------------------------+-----
Fighting       | 6 7 8 9 |  9.7
Long Blades    | 2 3 6 |  6.5
Armour         | 5 6 |  6.8
Shields        | 4 5 7 8 |  8.0
Dodging        | 1 |  1.3
Throwing       | 1 |  1.0
Stealth        | |  0.2

Action                   |  1- 3 |  4- 6 |  7- 9 | 10-12 || total
-------------------------+-------+-------+-------+-------++-------
Melee: Long sword        |    11 |       |    93 |     8 ||   112
Throw: Tomahawk          |       |       |     2 |       ||     2
Invok: Divine Shield     |       |       |       |     1 ||     1
  Use: Potion            |     1 |       |       |       ||     1
       Scroll            |       |       |     3 |       ||     3
  Eat: Chunk             |       |       |     1 |       ||     1
Armor: Scale mail        |     6 |       |    32 |       ||    38
       Chain mail        |       |       |    10 |     1 ||    11
Dodge: Dodged            |     1 |       |    28 |     4 ||    33
Block: Shield            |     4 |       |    59 |     8 ||    71
       Rpst.: Long sword |     1 |       |     9 |     1 ||    11
